Map: Eternal Empire LE

Players

BerryRAWR - Winner!

  • Race: Terran Terran
  • League: Grandmaster
  • Spawn Location: 7:00

GordonRyan

  • Race: Terran Terran
  • League: Silver
  • Spawn Location: 1:00

VOD

Have the link to the VOD?

Description

Time

  • Played on: April 1, 2020, 3:49 a.m.
  • Length: 18:00
Show
View Real Time Build Order
Export as new Build Order

BerryRAWR Terran - Winner!

Build Orders:  

Get SALT Encoding   

  12  0:01  SCV  
  13  0:13  SCV  
  14  0:18  Supply Depot  
  14  0:25  SCV  
  15  0:32  Refinery  
  15  0:40  SCV  
  16  0:46  Barracks  
  16  0:52  SCV  
  16  0:55  Refinery  
  17  1:04  SCV  
  18  1:16  SCV  
  19  1:33  Reaper  
  19  1:34  Orbital Command  
  19  1:37  Factory  
  20  1:48  Supply Depot  
  20  2:00  SCV  
  21  2:06  Barracks Reactor  
  21  2:12  SCV  
  22  2:23  Hellion  
  24  2:32  Command Center  
  24  2:34  SCV  
  25  2:42  Reaper  
  26  2:46  SCV, Reaper  
  26  2:47  Hellion  
  26  2:51  Supply Depot  
  30  2:58  Starport  
  33  3:12  SCV  
  33  3:13  Hellion  
  33  3:14  Reaper  
  33  3:18  Reaper  
  35  3:25  SCV  
  36  3:35  Factory Tech Lab  
  36  3:36  Viking  
  36  3:37  SCV  
  39  3:45  Marine  
  39  3:47  Orbital Command  
  40  3:49  SCV  
  40  3:50  Marine  
  40  3:51  Refinery  
  42  3:57  Cyclone  
  45  4:04  SCV, Marine  
  45  4:06  Starport Tech Lab  
  45  4:07  Marine  
  48  4:13  Supply Depot  
  48  4:14  SCV  
  49  4:19  SCV  
  49  4:22  Marine  
  47  4:36  Marine  
  47  4:37  SCV, Siege Tank  
  47  4:38  SCV  
  50  4:40  Marine  
  51  4:47  Raven  
  51  4:50  SCV x2  
  55  4:57  Supply Depot  
  55  4:59  Marine x2  
  54  5:02  SCV x2  
  56  5:09  Siege Tank  
  56  5:14  SCV x2  
  60  5:17  Marine  
  60  5:18  Marine  
  60  5:20  Supply Depot  
  63  5:26  SCV x2  
  65  5:28  Command Center  
  65  5:35  Marine  
  67  5:36  Marine  
  67  5:38  SCV  
  70  5:45  Siege Tank  
  70  5:46  SCV  
  72  5:50  SCV  
  72  5:54  Refinery  
  73  5:58  SCV  
  73  5:59  Barracks x2  
  73  6:02  SCV  
  73  6:04  Engineering Bay  
  73  6:09  Engineering Bay  
  73  6:10  SCV, Starport Reactor, Stimpack  
  76  6:11  Marauder  
  76  6:15  SCV  
  77  6:23  SCV  
  78  6:34  SCV  
  78  6:36  Supply Depot, Terran Infantry Weapons Level 1, Terran Infantry Armor Level 1  
  78  6:37  Supply Depot  
  78  6:39  Barracks  
  78  6:40  SCV  
  78  6:42  Barracks  
  78  6:43  Siege Tank  
  78  6:45  Marauder  
  84  6:52  SCV  
  84  6:54  Barracks Reactor  
  85  6:57  Medivac x2, Barracks Reactor  
  88  7:04  SCV  
  88  7:08  Orbital Command  
  88  7:10  Marine  
  89  7:16  SCV  
  89  7:17  SCV  
  89  7:20  Supply Depot  
  94  7:23  Supply Depot  
  94  7:27  Armory, Barracks Tech Lab  
  94  7:28  Marauder, Barracks Tech Lab  
  96  7:30  SCV x2  
  96  7:31  Marine  
  96  7:35  SCV  
  97  7:42  SCV x2  
  99  7:45  Supply Depot  
  99  7:46  Supply Depot  
  99  7:47  Marine, Marauder  
  99  7:48  Marine x2, Supply Depot, Marauder  
  106  7:52  Factory Tech Lab  
  106  7:53  SCV  
  106  7:56  Marauder  
  106  7:58  Combat Shield  
  109  8:01  Concussive Shells  
  109  8:04  Marine  
  109  8:05  SCV x2, Marine  
  112  8:06  SCV  
  112  8:09  Marauder x2  
  118  8:13  Command Center  
  118  8:20  SCV x2  
  118  8:21  SCV, Barracks  
  118  8:23  Barracks  
  118  8:24  Barracks  
  121  8:31  Terran Infantry Weapons Level 2, Terran Infantry Armor Level 2  
  121  8:34  Marine x2, Marauder x3  
  126  8:36  Medivac  
  126  8:38  Medivac  
  132  8:42  SCV x3  
  132  8:45  Factory Tech Lab  
  135  8:50  Marine  
  135  8:52  Supply Depot  
  135  8:55  Marine x3, Supply Depot, Marauder x2  
  140  8:56  Marauder  
  140  8:57  SCV  
  140  8:58  SCV  
  147  9:05  Supply Depot  
  147  9:07  SCV  
  147  9:08  Supply Depot  
  149  9:10  SCV  
  149  9:13  SCV  
  150  9:18  Marauder  
  150  9:20  Command Center  
  152  9:25  Marine, Marauder x3  
  152  9:26  Marine  
  160  9:34  Marauder  
  162  9:39  Marine  
  162  9:40  Marauder  
  162  9:42  Marine x3  
  162  9:43  SCV x2  
  170  9:46  SCV, Marauder x2  
  170  9:50  Medivac x2  
  179  9:56  Marine x2, Marauder  
  177  10:11  Planetary Fortress  
  175  10:16  Marine x5, Missile Turret, Marauder  
  175  10:18  Marine, Marauder  
  175  10:20  Medivac  
  184  10:37  Orbital Command  
  184  10:40  Marine x5, Command Center  
  184  10:41  Marine, Marauder x2  
  184  10:42  Marine  
  183  11:12  Marine, Marauder  
  183  11:16  Marine  
  183  11:17  Marauder  
  183  11:18  Marine x4, Marauder  
  188  11:20  Medivac x2  
  188  11:25  Command Center  
  196  11:26  Command Center  
  196  11:29  Marine  
  197  11:34  Marine, Marauder  
  197  11:37  Terran Infantry Weapons Level 3  
  197  11:38  Terran Infantry Armor Level 3  
  197  11:41  Refinery  
  197  11:43  Refinery  
  197  11:47  Marine  
  197  11:48  Marauder  
  200  11:58  Command Center  
  192  12:09  Marauder  
  192  12:11  Medivac x2  
  198  12:20  Marauder x2  
  200  12:28  Planetary Fortress  
  200  12:39  Terran Vehicle And Ship Armor Level 1  
  200  12:40  Armory  
  200  12:44  Starport  
  200  12:47  SCV, Starport x2, Refinery x2  
  200  12:49  Starport, Orbital Command  
  199  12:59  SCV  
  199  13:03  Orbital Command  
  197  13:25  SCV x2  
  197  13:26  SCV  
  200  13:28  Unknown  
  200  13:29  Starport Tech Lab x3  
  200  13:30  Starport Tech Lab  
  200  13:31  Starport  
  200  13:35  Fusion Core  
  200  13:37  Starport  
  200  13:40  Terran Ship Weapons Level 1  
  200  13:57  Sensor Tower  
  200  14:05  Command Center  
  200  14:08  Starport Tech Lab  
  200  14:16  Missile Turret x3  
  200  14:32  Starport Tech Lab  
  200  14:35  Terran Vehicle And Ship Armor Level 2  
  200  14:37  Command Center  
  196  14:45  Command Center  
  194  14:54  Battlecruiser  
  194  14:59  Battlecruiser x2  
  195  15:03  Medivac x2  
  189  15:10  Battlecruiser x2  
  195  15:35  Battlecruiser  
  192  15:36  Medivac x2  
  192  15:41  Marauder  
  178  15:44  Marine x3, Marauder  
  170  15:51  Missile Turret, Planetary Fortress  
  170  15:55  Orbital Command  
  169  16:01  Refinery  
  169  16:03  Planetary Fortress  
  169  16:04  Missile Turret  
  169  16:05  Refinery, Orbital Command  
  169  16:06  Missile Turret  
  169  16:11  Battlecruiser x3  
  187  16:15  Marine, Refinery  
  187  16:16  Refinery  
  190  16:27  Sensor Tower  
  190  16:28  Missile Turret  
  190  16:32  Battlecruiser  
  200  17:14  Command Center  
  200  17:17  Ghost Academy  
  200  17:28  Ghost Academy  
  200  17:29  Ghost Academy  
Show
View Real Time Build Order
Export as new Build Order

GordonRyan Terran 

Build Orders: 2 Factory, Cyclone Opening, Gas First Reaper Expand, Mech 

Get SALT Encoding   

  12  0:00  SCV  
  13  0:12  SCV  
  14  0:17  Supply Depot  
  14  0:24  SCV  
  15  0:29  Refinery  
  15  0:39  SCV  
  16  0:44  Barracks  
  16  0:51  SCV  
  17  1:03  SCV  
  18  1:15  SCV  
  19  1:32  Reaper  
  21  1:33  Orbital Command  
  20  1:46  Command Center  
  20  1:57  Factory  
  20  2:00  SCV  
  21  2:06  Refinery  
  21  2:09  Barracks Tech Lab  
  21  2:13  SCV  
  22  2:24  Supply Depot  
  22  2:25  SCV  
  23  2:46  SCV, Cyclone  
  27  2:58  SCV  
  28  2:59  Factory  
  28  3:01  Orbital Command  
  28  3:06  Barracks Reactor  
  28  3:10  SCV  
  29  3:15  Supply Depot  
  29  3:22  SCV  
  29  3:24  Cyclone  
  33  3:32  SCV  
  34  3:34  SCV  
  35  3:42  Supply Depot  
  35  3:44  SCV  
  35  3:46  SCV  
  35  3:47  Mag-Field Accelerator  
  37  3:50  Hellion x2  
  41  3:56  SCV  
  41  3:58  SCV  
  41  4:01  Cyclone  
  46  4:08  SCV  
  47  4:10  SCV  
  47  4:11  Hellion x2  
  52  4:19  Supply Depot  
  52  4:20  SCV  
  48  4:41  Cyclone  
  48  4:42  Hellion x2  
  55  4:55  Refinery  
  55  5:02  SCV x2  
  55  5:03  Command Center  
  55  5:05  Hellion  
  59  5:12  Hellion  
  61  5:18  Starport, Barracks Reactor  
  61  5:22  SCV, Armory  
  61  5:24  SCV  
  61  5:27  Siege Tank  
  62  5:47  Hellion x2  
  63  5:50  SCV x2  
  63  5:52  Refinery  
  65  5:58  Supply Depot  
  65  5:59  Factory, Siege Tank  
  65  6:02  SCV  
  65  6:03  SCV  
  70  6:15  Viking x2, Hellion x2  
  70  6:16  SCV  
  70  6:17  SCV  
  80  6:22  Orbital Command  
  83  6:32  Siege Tank  
  83  6:34  Terran Vehicle Weapons Level 1  
  83  6:36  SCV  
  83  6:37  SCV  
  83  6:38  Hellion  
  83  6:39  Hellion  
  89  6:43  Factory Tech Lab  
  89  6:45  Supply Depot  
  89  6:47  Engineering Bay  
  89  6:51  Viking  
  91  6:54  Viking  
  88  7:02  Hellion, Siege Tank  
  88  7:07  Hellion  
  95  7:09  SCV x2  
  95  7:10  SCV  
  95  7:11  Refinery  
  98  7:15  Supply Depot  
  98  7:21  SCV  
  98  7:22  SCV  
  65  7:37  SCV, Viking x2, Hellion x2  
  100  7:42  Refinery  
  109  7:45  Supply Depot  
  109  7:54  Sensor Tower  
  109  8:04  Sensor Tower  
  109  8:06  SCV x3, Siege Tank  
  109  8:10  Missile Turret  
  109  8:11  Missile Turret x2  
  115  8:18  SCV x2  
  117  8:29  SCV  
  117  8:30  SCV, Infernal Pre-Igniter  
  117  8:39  Command Center  
  117  8:42  Supply Depot  
  117  8:47  SCV x3, Supply Depot, Hellion, Siege Tank  
  125  8:53  Hellion  
  125  9:01  Missile Turret x3  
  125  9:03  SCV, Viking x2, Siege Tank  
  125  9:09  SCV x2  
  135  9:10  Supply Depot  
  135  9:13  Factory  
  135  9:14  Factory  
  135  9:16  SCV  
  136  9:20  Hellion x2  
  136  9:21  SCV  
  141  9:27  Supply Depot  
  141  9:28  Supply Depot  
  141  9:30  Supply Depot  
  141  9:39  Siege Tank x2  
  141  9:40  Viking  
  141  9:44  Smart Servos  
  149  9:49  Hellion x2  
  149  9:51  Viking  
  153  10:10  Factory Tech Lab  
  153  10:11  Viking, Factory Tech Lab, Siege Tank  
  153  10:12  Hellion x2  
  142  10:21  Viking  
  144  10:23  Missile Turret  
  144  10:24  Unknown  
  144  10:25  Missile Turret  
  144  10:29  Siege Tank x3  
  147  10:37  Planetary Fortress  
  147  10:46  Siege Tank  
  150  10:54  Missile Turret  
  150  10:58  SCV x3  
  150  11:00  Missile Turret  
  150  11:01  Siege Tank x2  
  159  11:05  Terran Vehicle And Ship Armor Level 1, Armory  
  159  11:07  Hi-Sec Auto Tracking  
  159  11:10  SCV x3  
  119  11:22  SCV, Command Center  
  119  11:24  SCV x2  
  121  11:34  SCV, Barracks  
  121  11:38  Command Center  
  122  11:51  Hellion x3  
  122  11:52  Hellion  
  122  11:53  Hellion  
  130  12:21  Viking x2, Siege Tank  
  130  12:22  Siege Tank x2  
  143  12:28  Terran Ship Weapons Level 1  
  143  12:31  Supply Depot  
  143  12:32  Supply Depot  
  143  12:34  Supply Depot  
  143  12:41  Siege Tank  
  143  12:42  Hellion x2  
  148  12:54  Siege Tank x2  
  148  12:56  Siege Tank  
  148  12:57  Viking  
  151  12:58  Terran Vehicle Weapons Level 2  
  151  13:13  Siege Tank  
  151  13:16  Missile Turret  
  151  13:18  Missile Turret  
  151  13:19  Hellion x2  
  158  13:20  Missile Turret  
  158  13:24  Orbital Command  
  158  13:32  Unknown  
  158  13:33  Missile Turret x2  
  158  13:34  Siege Tank x3  
  158  13:35  Missile Turret  
  158  13:37  Orbital Command  
  167  13:56  Starport  
  167  13:57  Starport  
  167  14:04  Sensor Tower  
  167  14:09  Viking x2  
  171  14:15  Fusion Core  
  171  14:30  Command Center  
  171  14:31  Command Center  
  142  15:13  Siege Tank x3  
  118  15:21  SCV x2  
  118  15:23  Command Center  
  118  15:29  Starport x2  
  118  15:31  Terran Ship Weapons Level 2, Terran Vehicle And Ship Armor Level 2  
  118  15:50  Orbital Command  
  118  15:52  SCV x2  
  118  15:53  Orbital Command  
  120  16:02  Factory Tech Lab  
  120  16:04  SCV  
  127  16:06  Refinery  
  127  16:07  Thor  
  127  16:08  Thor x2, Starport Reactor  
  127  16:09  Starport Reactor  
  127  16:10  Hellion  
  127  16:11  Hellion  
  140  16:16  Refinery  
  140  16:18  Orbital Command  
  140  16:23  Planetary Fortress  
  140  16:24  Missile Turret  
  140  16:32  Missile Turret x2, Hellion  
  142  16:35  Thor  
  142  16:36  Orbital Command  
  148  16:50  Thor x2  
  148  16:51  Thor  
  148  16:52  Missile Turret  
  166  17:09  Missile Turret  
  166  17:11  Missile Turret  
  166  17:18  Viking  
  166  17:19  Viking  
  166  17:22  SCV x3  
  173  17:32  Starport  
  173  17:33  SCV x3, Missile Turret  
Tags
 
Add a new tag
Caveats
  • Supply blocks, unpowered buildings, or Contaminate may cause inaccurate times.
  • Supply counts are checked every 10 seconds.